 Dungeon Crawl Stone Soup version 0.23.0 (webtiles) character file.

Game seed: 10104230565152721055

586 DrEnzyme the Cudgeler (level 7, -1/41 HPs)
             Began as a Gargoyle Gladiator on Feb 14, 2019.
             Was a Follower of Okawaru.
             Slain by an orc warrior
             ... wielding a +0 mace
              (10 damage)
             ... on level 5 of the Dungeon.
             The game lasted 00:06:24 (5573 turns).

DrEnzyme the Cudgeler (Gargoyle Gladiator)          Turns: 5573, Time: 00:06:24

Health: -1/41      AC: 16    Str: 19    XL:     7   Next: 37%
Magic:  7/7        EV: 12    Int:  8    God:    Okawaru [*.....]
Gold:   223        SH:  3    Dex: 12    Spells: 6/6 levels left

rFire    . . .     SeeInvis .   p - +2 flail (protect)
rCold    . . .     Gourm    .   m - +0 buckler
rNeg     + . .     Faith    .   b - +0 leather armour
rPois    ∞         Spirit   .   c - +0 helmet
rElec    +         Reflect  .   (no cloak)
rCorr    .         Harm     .   (no gloves)
MR       .....                  (no boots)
Stlth    +.........             (no amulet)
HPRegen  0.13/turn              (no ring)
MPRegen  0.10/turn              (no ring)

@: protection aura
A: negative energy resistance 1, electricity resistance, unbreathing,
petrification resistance, rot immunity, AC +4
a: Heroism, Renounce Religion


You were on level 5 of the Dungeon.
You worshipped Okawaru.
Okawaru was aware of your devotion.
You were not hungry.

You visited 1 branch of the dungeon, and saw 6 of its levels.

You collected 223 gold pieces.

Inventory:

Hand Weapons
 a - a +0 flail
 j - a +4 dagger
 p - a +2 flail of protection (weapon)
Missiles
 d - 3 throwing nets (quivered)
 n - 8 javelins
Armour
 b - a +0 leather armour (worn)
 c - a +0 helmet (worn)
 m - a +0 buckler (worn)
Jewellery
 e - a cursed amulet of the gourmand
 k - an uncursed amulet of magic regeneration
 q - a cursed ring of teleportation {unknown}
 w - a +4 ring of intelligence {unknown}
 y - an uncursed ring of see invisible {unknown}
Wands
 u - a wand of scattershot (6)
Scrolls
 g - a scroll of blinking {unknown}
 h - a scroll of teleportation {unknown}
 i - a scroll of identify
 l - 6 scrolls of remove curse
 o - 2 scrolls of enchant armour
 t - a scroll of fog {unknown}
 x - a scroll of immolation {unknown}
 A - a scroll of noise {unknown}
Potions
 s - a potion of ambrosia {unknown}
 v - a potion of agility {unknown}
 z - a potion of heal wounds {unknown}
Comestibles
 f - 6 rations


   Skills:
 + Level 3.6 Fighting
 + Level 1.6 Short Blades
 + Level 5.5 Maces & Flails
 + Level 2.0 Throwing
 + Level 3.1 Armour
 + Level 3.6 Dodging
 + Level 1.0 Stealth
 + Level 1.1 Shields


You had 6 spell levels left.
You didn't know any spells.
Your spell library was empty.

Dungeon Overview and Level Annotations

Branches:
Dungeon (6/15)             Temple (0/1) D:5

Altars:
Elyvilon
Hepliaklqana
Nemelex Xobeh
Okawaru
Trog
Uskayaw
Vehumet

Shops:
D:4 *

Annotations:
D:2 exclusion: downstairs


Innate Abilities, Weirdness & Mutations

You are resistant to torment.
Your stone body is resilient. (AC +4)
You are immune to poison.
You resist negative energy. (rN+)
You are resistant to electric shocks. (rElec)
You can survive without breathing.
You are immune to petrification.
You are immune to rotting.


Message History

Okawaru accepts your kill.
You completely miss the orc warrior.
The orc warrior hits you with a +0 mace!
* * * LOW HITPOINT WARNING * * *
You hit the orc warrior but do no damage.
The orc warrior closely misses you.
You closely miss the orc warrior. The orc warrior closely misses you.
You hit the orc warrior.
The orc warrior is lightly wounded.
The orc warrior misses you.
You thump the orc warrior!
The orc warrior is heavily wounded.
The orc warrior barely misses you.
You sock the orc warrior!
The orc warrior is severely wounded.
The orc warrior closely misses you.
You barely miss the orc warrior.
The orc warrior is severely wounded.
The orc warrior hits you with a +0 mace!
You die...

#...^..# #######......# ##
#.####.# #............# [#
#.####.# #.#####......#
.####....#(###.######.....#
..................###.....###
.............................
...##....#####.##..##.##..###
...###.........##..##.##..#
...# #.........o@..##.# ....
...###############.##.###.###
...........# #......#....#
.......###.### #......#....#
.......# #...# #......#....#
#......# ###'##
####..##....##### #......#
#....# #...........).
#......# #....#
##.#...####### ########
#....##### #.....# #...


You could see an orc warrior.

Vanquished Creatures
  A bullfrog (D:4)
  A scorpion (D:2)
  3 wights (D:5)
  A howler monkey (D:5)
  A hound (D:5)
  An orc wizard (D:5)
  3 worker ants (D:4)
  A worker ant zombie (D:5)
  3 adders
  5 gnolls
  2 worms
  2 dart slugs
  4 leopard geckos
  9 orcs
  3 giant cockroaches
  11 goblins
  5 hobgoblins
  7 jackals (D:3)
  2 quokkas
  5 bats (D:3)
  9 kobolds
  6 rats
85 creatures vanquished.

Notes
Turn   | Place    | Note
-------+----------+-------------------------------------------
     0 | D:1      | DrEnzyme the Gargoyle Gladiator began the quest for the
                  | Orb.
     0 | D:1      | Reached XP level 1. HP: 12/12 MP: 1/1
   209 | D:1      | Reached XP level 2. HP: 18/18 MP: 2/2
   400 | D:1      | Reached XP level 3. HP: 10/22 MP: 3/3
  1064 | D:2      | Reached skill level 1 in Armour
  1807 | D:2      | Reached XP level 4. HP: 26/27 MP: 4/4
  2785 | D:2      | Reached skill level 1 in Short Blades
  2785 | D:2      | Reached XP level 5. HP: 21/32 MP: 5/5
  3381 | D:3      | Found a hide-covered altar of Uskayaw.
  3382 | D:3      | Found a radiant altar of Vehumet.
  3382 | D:3      | Found a sparkling altar of Nemelex Xobeh.
  3382 | D:3      | Found a hazy altar of Hepliaklqana.
  3411 | D:3      | Found an iron altar of Okawaru.
  3411 | D:3      | Found a bloodstained altar of Trog.
  3505 | D:3      | Became a worshipper of Warmaster Okawaru
  3841 | D:4      | Found Cogiosucs's General Store.
  4102 | D:4      | Reached skill level 4 in Maces & Flails
  4102 | D:4      | Reached XP level 6. HP: 16/37 MP: 6/6
  4599 | D:5      | Entered Level 5 of the Dungeon
  4668 | D:5      | Found a white marble altar of Elyvilon.
  4673 | D:5      | Found a staircase to the Ecumenical Temple.
  4826 | D:5      | Reached * piety under Okawaru
  4833 | D:5      | Reached skill level 1 in Stealth
  4857 | D:5      | Reached skill level 5 in Maces & Flails
  4857 | D:5      | Reached skill level 1 in Shields
  4857 | D:5      | Reached XP level 7. HP: 10/41 MP: 7/7
  5182 | D:5      | HP: 2/41 [orc priest/divine providence (10)]
  5573 | D:5      | Slain by an orc warrior

Skill      XL: |  1  2  3  4  5  6  7 |
---------------+----------------------+-----
Throwing       | 2 |  2.0
Armour         | 1 2 3 |  3.1
Short Blades   | 1 |  1.6
Fighting       | 3 |  3.6
Dodging        | 3 |  3.6
Maces & Flails | 4 5 |  5.5
Stealth        | 1 |  1.0
Shields        | 1 |  1.1

Action                   |  1- 3 |  4- 6 |  7- 9 || total
-------------------------+-------+-------+-------++-------
Melee: Flail             |    57 |   183 |    32 ||   272
       Dagger            |    48 |    43 |       ||    91
  Use: Scroll            |     1 |     4 |     1 ||     6
       Potion            |       |     2 |       ||     2
  Eat: Chunk             |     3 |     6 |       ||     9
       Ration            |       |     1 |     1 ||     2
Armor: Leather armour    |    42 |   117 |     7 ||   166
Dodge: Dodged            |    59 |   214 |    21 ||   294
Block: Buckler           |       |    43 |     4 ||    47
